 Dungeon Crawl Stone Soup version 0.23-a0-839-g6d2b917 (console) character file.

130 Duffy the Chopper (level 5, -7/49 HPs)
             Began as a Naga Fighter on Jan 25, 2019.
             Mangled by a wraith (13 damage)
             ... in an ossuary.
             The game lasted 00:01:36 (1169 turns).

Duffy the Chopper (Naga Fighter)                    Turns: 1169, Time: 00:01:38

Health: -7/49      AC:  5    Str: 18    XL:     5   Next: 14%
Magic:  5/5        EV:  5    Int: 10    God:
Gold:   30         SH:  9    Dex: 10    Spells: 4/4 levels left

rFire    . . .     SeeInvis +   a - +0 war axe
rCold    . . .     Gourm    .   c - +0 shield
rNeg     . . .     Faith    .   b - +0 scale mail
rPois    +         Spirit   .   (no helmet)
rElec    .         Reflect  .   (no cloak)
rCorr    .         Harm     .   (no gloves)
MR       .....                  (no barding)
Stlth    ..........             (no amulet)
HPRegen  0.16/turn              (no ring)
MPRegen  0.09/turn              (no ring)

@: slowed, drained, very slow
A: large, see invisible, deformed body, poison resistance, slowness 2, slow
metabolism 1, spit poison 1, AC +1
a: Spit Poison


You were in an ossuary.
You were hungry.

You visited 1 branch of the dungeon, and saw 5 of its levels.
You also visited: Ossuary.

You collected 30 gold pieces.

Inventory:

Hand Weapons
 a - a +0 war axe (weapon)
Armour
 b - a +0 scale mail (worn)
 c - a +0 shield (worn)
Wands
 l - a wand of disintegration (19)
Scrolls
 e - a scroll of identify {unknown}
 j - a scroll of teleportation {unknown}
 k - a scroll of vulnerability {unknown}
 m - a scroll of enchant armour {unknown}
Potions
 d - 3 potions of might
 g - 2 potions of ambrosia {unknown}
 h - 2 potions of heal wounds {unknown}
 i - 2 potions of curing {unknown}
 n - a potion of agility {unknown}
 o - a potion of lignification {unknown}
 p - a potion of magic {unknown}
Comestibles
 f - a ration


   Skills:
 - Level 3.0(2.7) Fighting
 + Level 3.9(3.6) Axes
 - Level 2.4(2.1) Armour
 + Level 3.7(3.4) Shields


You had 4 spell levels left.
You didn't know any spells.
Your spell library was empty.

Dungeon Overview and Level Annotations

Branches:
Dungeon (5/15)
 Temple: D:4-7

Altars:

Annotations:
D:5 1 runed door, bli's ghost, amateur DsMo


Innate Abilities, Weirdness & Mutations

You cannot wear boots.
Your serpentine skin is tough. (AC +1)
You have supernaturally acute eyesight. (SInv)
Armour fits poorly on your strangely shaped body.
Your system is resistant to poisons. (rPois)
You cover ground very slowly.
You have a slow metabolism.
You can spit poison.


Message History

You block the wraith's attack. x2
You slash the wraith!
The wraith is severely damaged.
The wraith hits you but does no damage. You block the wraith's attack.
You hit the wraith but do no damage.
The wraith is severely damaged.
The wraith hits you! The wraith drains your vigour!
You feel as though you will be slow longer.
The wraith barely misses you.
You hit the wraith.
The wraith is severely damaged.
The wraith hits you! The wraith closely misses you.
You hit the wraith but do no damage.
The wraith is severely damaged.
You are feeling hungry.
The wraith hits you but does no damage. The wraith hits you!
You hit the wraith but do no damage.
The wraith is severely damaged.
The wraith hits you! x2
You die...

#.............#
#.###.....###.#
#.# #.....# #.#
#.###.....###.#
#.............#
#.............#
#.###.###.###.#
#.#.#.#z#.#.#.#
#@W##.###.##).#
#.............#
###############


You could see a wraith.

Vanquished Creatures
  2 wights (Ossuary)
  A mummy (D:5)
  An adder (D:3)
  An adder zombie (Ossuary)
  A dart slug (D:2)
  3 leopard geckos
  A hobgoblin (D:3)
  A kobold (D:2)
  A quokka (D:2)
  A ball python skeleton (Ossuary)
  A bat (D:2)
  A frilled lizard (D:2)
  2 hobgoblin skeletons (Ossuary)
  2 hobgoblin zombies (Ossuary)
  2 kobold zombies (Ossuary)
  A rat (D:2)
22 creatures vanquished.

Notes
Turn   | Place    | Note
-------+----------+-------------------------------------------
     0 | D:1      | Duffy the Naga Fighter began the quest for the Orb.
     0 | D:1      | Reached XP level 1. HP: 21/21 MP: 1/1
   345 | D:2      | Reached XP level 2. HP: 22/28 MP: 2/2
   620 | D:5      | Entered Level 5 of the Dungeon
   630 | D:5      | Noticed bli's ghost (amateur DsMo)
   632 | D:5      | Found a runed door.
   675 | D:5      | Reached XP level 3. HP: 34/34 MP: 3/3
   750 | D:5      | Found a sand-covered staircase.
   864 | Ossuary  | Entered an ossuary
   956 | Ossuary  | Reached XP level 4. HP: 29/42 MP: 4/4
  1105 | Ossuary  | Noticed a flying skull
  1105 | Ossuary  | Noticed a wraith
  1149 | Ossuary  | Reached XP level 5. HP: 49/49 MP: 5/5
  1154 | Ossuary  | Noticed a flying skull
  1162 | Ossuary  | Noticed a wraith
  1169 | Ossuary  | Mangled by a wraith

Vault maps used:
D:1:      dpeg_arrival_water_fire
D:2:      serial_curves, eino_curves_04, eino_curves_03, first_ration,
          minmay_box_of_dots
D:3:      uniq_ijyb
D:4:      minmay_temple_entry_ruins, dk_noncrumbling_4, uniq_edmund,
          uniq_blork_the_orc, uniq_eustachio
D:5:      cheibrodos_iron_armory, grunt_gozag_statues,
          hellmonk_ghost_happy_afterlife, serial_shops, shop,
          gup_ossuary_entry_pyramid, roderic_batcave, uniq_grinder
Ossuary:  ossuary_due_cavern

Skill      XL: |  1  2  3 |
---------------+----------+-----
Axes           | 3 |  3.9
Shields        | 3 |  3.7
Fighting       | |  3.0
Armour         | |  2.4

Action                   |  1- 3 |  4- 6 || total
-------------------------+-------+-------++-------
Melee: War axe           |    74 |    20 ||    94
 Abil: Spit Poison       |     7 |       ||     7
Armor: Scale mail        |    30 |     3 ||    33
Dodge: Dodged            |    21 |     3 ||    24
Block: Shield            |    39 |     8 ||    47

Table legend:
 A = Non-vault XP
 B = Vault XP
 C = Vault XP percentage of total XP
 D = Non-vault monster count
 E = Vault monster count
 F = Vault count percentage of total count
                 A         B        C        D         E       F
            +---------+---------+-------+---------+---------+-------
      Total |      35 |     152 |  81.3 |      11 |      11 |  50.0
            +---------+---------+-------+---------+---------+-------
        D:2 |      11 |       0 |   0.0 |       6 |       0 |   0.0
        D:3 |      21 |       0 |   0.0 |       4 |       0 |   0.0
        D:5 |       3 |      18 |  85.7 |       1 |       1 |  50.0
    Ossuary |       0 |     134 | 100.0 |       0 |      10 | 100.0
            +---------+---------+-------+---------+---------+-------
